 Dungeon Crawl Stone Soup version 0.29.1-1-gd02db6906a (webtiles) character file.

Game seed: 14599044875212205360

42 KamiKatze the Conjurer (level 3, -5/19 HPs)
             Began as a Deep Elf Conjurer on Oct 22, 2022.
             Slain by a hobgoblin (6 damage)
             ... led by Robin
             ... on level 1 of the Dungeon.
             The game lasted 00:03:47 (1052 turns).

KamiKatze the Conjurer (Deep Elf Conjurer)          Turns: 1052, Time: 00:03:47

Health: -5/19      AC:  2    Str:  4    XL:     3   Next: 35%
Magic:  7/9        EV: 16    Int: 24    God:
Gold:   80         SH:  0    Dex: 13    Spells: 5/8 levels left

rFire   . . .      SeeInvis .   e - +0 dagger
rCold   . . .      Faith    .   (no shield)
rNeg    . . .      Spirit   .   a - +0 robe
rPois   .          Reflect  .   (no helmet)
rElec   .          Harm     .   (no cloak)
rCorr   .          Rampage  .   (no gloves)
Will    .....                   (no boots)
Stlth   ++........              (no amulet)
HPRegen 0.06/turn               i - +4 ring of evasion
MPRegen 0.11/turn               (no ring)

@: no status effects
A: no striking features
a: no special abilities


You were on level 1 of the Dungeon.
You visited 1 branch of the dungeon, and saw 2 of its levels.

You collected 80 gold pieces.

Inventory:

Hand Weapons
 e - a +0 dagger (weapon)
 g - a +0 short sword
Armour
 a - a +0 robe (worn)
Jewellery
 i - a +4 ring of evasion (left hand)
Scrolls
 c - a scroll of teleportation
 d - a scroll of immolation {unknown}
 f - a scroll of noise {unknown}
 l - a scroll of amnesia {unknown}
 m - a scroll of blinking {unknown}
Potions
 b - 2 potions of magic
 h - a potion of brilliance {unknown}
 j - 2 potions of heal wounds {unknown}
 k - a potion of might {unknown}
 n - 2 potions of haste {unknown}


   Skills:
 + Level 2.6 Dodging
 + Level 2.8 Stealth
 * Level 3.4 Spellcasting
 * Level 4.7 Conjurations
 * Level 1.6 Hexes
 * Level 1.3 Translocations


You had 5 spell levels left.
You knew the following spells:

 Your Spells              Type           Power      Damage    Failure   Level
a - Magic Dart            Conj           100%       1d8       1%          1
b - Searing Ray           Conj           52%        2d6       2%          2

Your spell library contained the following spells:

 Spells                   Type           Power      Damage    Failure   Level
 Apportation              Tloc           20%        N/A       6%          1
 Dazzling Flash           Conj/Hex       38%        N/A       9%          3
 Necrotise                Necr           16%        1d4       11%         1
 Summon Small Mammal      Summ           16%        N/A       11%         1
 Fulminant Prism          Conj/Hex       9%         3d7       28%         4
 Iskenderun's Mystic Bla  Conj/Tloc      18%        2d6       30%         4


Dungeon Overview and Level Annotations

Branches:
Dungeon (2/15)

Altars:

Annotations:
D:2 Robin


Message History

You climb upwards.
There is a stone staircase leading down here.
There is an open door here.
Magic restored.
There is a stone staircase leading down here.
You climb downwards.
Robin shouts!
The goblin shouts! x3; The hobgoblin shouts! x2
Robin roars a battlecry!
The goblins go into a battle-frenzy!
The goblin shouts! x2; The hobgoblin shouts!
Found a weird jewelled staff.
Found a stone staircase leading down.
There is a stone staircase leading up here.
Unknown command.
The hobgoblin misses you. The hobgoblin hits you.
Robin throws the goblin at you!
* * * LOW HITPOINT WARNING * * *
The goblin barely misses you.
You climb upwards.
There is a stone staircase leading down here.
Unknown command.
Casting: Searing Ray (safe; 2% risk of failure)
Confirm with . or Enter, or press ? or * to list all spells.
Aiming: Magic Dart (safe; 1% risk of failure)
Press: ? - help, Shift-Dir - straight line, f - hobgoblin
Aim: a hobgoblin (strong, 100% to hit)
The magic dart hits the hobgoblin.
The hobgoblin is lightly wounded.
The hobgoblin closely misses you. x2; The goblin hits you but does no damage.
Unknown command.
Casting: Magic Dart (safe; 1% risk of failure)
Confirm with . or Enter, or press ? or * to list all spells.
Aiming: Magic Dart (safe; 1% risk of failure)
Press: ? - help, Shift-Dir - straight line, f/p - hobgoblin
Aim: a hobgoblin (lightly wounded, strong, 100% to hit)
The magic dart hits the hobgoblin.
The hobgoblin is moderately wounded.
The hobgoblin hits you.
* * * LOW HITPOINT WARNING * * *
The hobgoblin hits you.
You die...

#.# #...# #.# #.#
#...#####.# #.#
#...##....# #.#
#....+....#
#.####..##....##
#.......##......
##...............
##g.#..........###
#@g...............
#g##.......#......
#.##.#############
#.##.# #....#
###.##P♣


PP♣PPP.P #.##PP♣.♣PPP.PP♣ #.##.P.♣PP.♣P... #.##♣PP.PPPPP♣.P You could see 2
hobgoblins and a goblin (strong).

Vanquished Creatures
  A gnoll (D:2)
  6 ball pythons (D:1)
  An endoplasm (D:1)
  A giant cockroach (D:1)
  6 goblins (D:1)
  A hobgoblin (D:1)
  2 kobolds (D:1)
  A quokka (D:1)
  6 bats (D:1)
  2 frilled lizards (D:1)
  4 rats (D:1)
31 creatures vanquished.

Notes
Turn   | Place    | Note
-------+----------+-------------------------------------------
     0 | D:1      | KamiKatze the Deep Elf Conjurer began the quest for the
                  | Orb.
     0 | D:1      | Reached XP level 1. HP: 10/10 MP: 6/6
    56 | D:1      | Found a faded altar of an unknown god.
   211 | D:1      | Reached XP level 2. HP: 15/15 MP: 5/8
   214 | D:1      | Learned a level 2 spell: Searing Ray
   222 | D:1      | Reached skill level 1 in Hexes
   349 | D:1      | Reached skill level 1 in Translocations
   575 | D:1      | Reached XP level 3. HP: 19/19 MP: 5/9
  1048 | D:2      | Noticed Robin
  1052 | D:1      | Slain by a hobgoblin

Illustrated notes

Levels and vault maps discovered:
D:1:      minmay_arrival_arboretum_large, layout_basic,
          nicolae_ecumenical_snake_handling, minmay_strange_pillars,
          serial_bayou_crossing
D:2:      layout_loops_corners, uniq_robin

Skill      XL: |  1  2 |
---------------+-------+-----
Hexes          | 1 |  1.6
Translocations | 1 |  1.3
Dodging        | |  2.6
Stealth        | |  2.8
Spellcasting   | |  3.4
Conjurations   | |  4.7

Action                   || total
-------------------------++-------
Melee: Dagger            ||     1
 Cast: Magic Dart        ||    46
       Searing Ray       ||     1
  Use: Scroll            ||     1
 Stab: Sleeping          ||     1
Armor: Robe              ||     1
Dodge: Dodged            ||     7
